[Event "CZE-ch Amateurs 2022"]
[Site "Luhacovice"]
[Date "2022.03.19"]
[Round "9.2"]
[White "Slepov, Kyryl"]
[Black "Vanek, Ladislav"]
[Result "1-0"]
[ECO "E04"]
[WhiteElo "2064"]
[BlackElo "2221"]
[Annotator "RC"]
[PlyCount "55"]
[EventDate "2022.03.12"]
[EventType "swiss"]
[EventCountry "CZE"]
[SourceTitle "playchess.com"]
[Source "ChessBase"]
[SourceQuality "1"]
[TimeControl "5400+30"]

1. d4 d5 2. c4 e6 3. Nf3 Nf6 4. g3 Bb4+ 5. Bd2 Be7 6. Bg2 dxc4 7. O-O a6 8. Qc2 b5 9. a4 Bb7 10. Na3 Be4 11. Qc1 Qd5 12. Nb1 b4 13. Bf4 Nc6 14. Rd1 Rd8 15. Bxc7 Rd7 16. Bb6 Rb7 17. a5 Qb5 18. Nbd2 Bd5 19. e3 Bd8 20. Bf1 Bxb6 21. Nxc4 Bc7 22. Nce5 Nxe5 23. Bxb5+ Rxb5 24. dxe5 Bxf3 25. Qxc7 O-O 26. exf6 Bxd1 27. Rxd1 gxf6 28. Rd6 1-0

[Event "CZE-ch Amateurs 2022"]
[Site "Luhacovice"]
[Date "2022.03.19"]
[Round "9.3"]
[White "Jun, Rudolf"]
[Black "Pilch, Roman"]
[Result "1/2-1/2"]
[ECO "B06"]
[WhiteElo "2215"]
[BlackElo "2136"]
[Annotator "ChessBase"]
[PlyCount "44"]
[EventDate "2022.03.12"]
[EventType "swiss"]
[EventCountry "CZE"]
[SourceTitle "playchess.com"]
[Source "ChessBase"]
[SourceQuality "1"]
[TimeControl "5400+30"]

1. e4 g6 2. d4 Bg7 3. f4 d5 4. e5 h5 5. c4 c6 6. Nc3 Nh6 7. cxd5 cxd5 8. Qb3 e6 9. Nf3 Nf5 10. Bd3 Nc6 11. Nb5 Bf8 12. Bd2 Be7 13. Bxf5 gxf5 14. O-O a6 15. Nd6+ Bxd6 16. exd6 Qxd6 17. Rac1 f6 18. Rfe1 Kf7 19. Qb6 a5 20. Rc5 Ra6 21. Qb5 Qd8 22. b3 Rg8 1/2-1/2

[Event "CZE-ch Amateurs 2022"]
[Site "Luhacovice"]
[Date "2022.03.19"]
[Round "9.5"]
[White "Cagasik, Tomas"]
[Black "Urban, Zdenek"]
[Result "0-1"]
[ECO "A06"]
[WhiteElo "2177"]
[BlackElo "2093"]
[Annotator "ChessBase"]
[PlyCount "58"]
[EventDate "2022.03.12"]
[EventType "swiss"]
[EventCountry "CZE"]
[SourceTitle "playchess.com"]
[Source "ChessBase"]
[SourceQuality "1"]
[TimeControl "5400+30"]

1. Nf3 c5 2. b3 Nc6 3. Bb2 d5 4. e3 Nf6 5. Bb5 Bd7 6. Nc3 Qc7 7. d4 e6 8. O-O Bd6 9. Be2 a6 10. h3 O-O 11. Rc1 Rac8 12. dxc5 Bxc5 13. Na4 Be7 14. Nc3 Rfd8 15. Nd4 e5 16. Nxc6 Bxc6 17. Nb1 Bc5 18. Nd2 Qe7 19. Nf3 Bd6 20. Nh2 Ne4 21. Bf3 d4 22. exd4 exd4 23. Re1 f5 24. Nf1 Bb4 25. Nd2 Qh4 26. Bxe4 fxe4 27. c3 e3 28. fxe3 dxe3 29. Nf3 Qf2+ 0-1

[Event "CZE-ch Amateurs 2022"]
[Site "Luhacovice"]
[Date "2022.03.19"]
[Round "9.6"]
[White "Bures, Vit"]
[Black "Novotny, Jaroslav"]
[Result "1/2-1/2"]
[ECO "B06"]
[WhiteElo "2121"]
[BlackElo "2190"]
[Annotator "ChessBase"]
[PlyCount "43"]
[EventDate "2022.03.12"]
[EventType "swiss"]
[EventCountry "CZE"]
[SourceTitle "playchess.com"]
[Source "ChessBase"]
[SourceQuality "1"]
[TimeControl "5400+30"]

1. d4 g6 2. e4 Bg7 3. Nc3 d6 4. Be3 a6 5. Qd2 b5 6. f3 Nd7 7. h4 h6 8. Nh3 Bb7 9. O-O-O Rc8 10. Kb1 c5 11. dxc5 Nxc5 12. Bd4 Nf6 13. g4 Ne6 14. Be3 Nd7 15. Nd5 Ne5 16. Be2 Nc4 17. Bxc4 Rxc4 18. b3 Rc8 19. Rhf1 h5 20. gxh5 Rxh5 21. Ng5 Nxg5 22. hxg5 1/2-1/2

[Event "CZE-ch Amateurs 2022"]
[Site "Luhacovice"]
[Date "2022.03.19"]
[Round "9.7"]
[White "Zvolensky, David"]
[Black "Bokhnak, Timofey"]
[Result "1/2-1/2"]
[ECO "B42"]
[WhiteElo "2159"]
[BlackElo "1978"]
[Annotator "ChessBase"]
[PlyCount "32"]
[EventDate "2022.03.12"]
[EventType "swiss"]
[EventCountry "CZE"]
[SourceTitle "playchess.com"]
[Source "ChessBase"]
[SourceQuality "1"]
[TimeControl "5400+30"]

1. e4 c5 2. Nf3 e6 3. d4 cxd4 4. Nxd4 a6 5. Bd3 Ne7 6. c4 Nbc6 7. Nc2 g6 8. O-O Bg7 9. Nc3 O-O 10. Be2 f5 11. Bg5 Qa5 12. Bd2 Qc7 13. Rb1 b6 14. exf5 Nxf5 15. Bf3 Bb7 16. Ne3 Ne5 1/2-1/2

[Event "CZE-ch Amateurs 2022"]
[Site "Luhacovice"]
[Date "2022.03.19"]
[Round "9.9"]
[White "Gabriel, Adam"]
[Black "Jedlicka, Ales"]
[Result "1/2-1/2"]
[ECO "A22"]
[WhiteElo "2097"]
[BlackElo "2223"]
[Annotator "RC"]
[PlyCount "21"]
[EventDate "2022.03.12"]
[EventType "swiss"]
[EventCountry "CZE"]
[SourceTitle "playchess.com"]
[Source "ChessBase"]
[SourceQuality "1"]
[TimeControl "5400+30"]

1. c4 e5 2. Nc3 Nf6 3. e3 Bb4 4. Nge2 O-O 5. a3 Be7 6. Ng3 d5 7. cxd5 Nxd5 8. Bc4 c6 9. O-O Na6 10. Bxd5 cxd5 11. d4 1/2-1/2

[Event "CZE-ch Amateurs 2022"]
[Site "Luhacovice"]
[Date "2022.03.19"]
[Round "9.10"]
[White "Kratochvil, Josef"]
[Black "Tresnak, Filip"]
[Result "1/2-1/2"]
[ECO "B10"]
[WhiteElo "2200"]
[BlackElo "1931"]
[Annotator "ChessBase"]
[PlyCount "20"]
[EventDate "2022.03.12"]
[EventType "swiss"]
[EventCountry "CZE"]
[SourceTitle "playchess.com"]
[Source "ChessBase"]
[SourceQuality "1"]
[TimeControl "5400+30"]

1. e4 c6 2. c4 d5 3. exd5 cxd5 4. cxd5 Nf6 5. Qa4+ Nbd7 6. Nc3 g6 7. Bc4 Bg7 8. Nf3 O-O 9. d3 a6 10. Qa3 Nb6 1/2-1/2

[Event "CZE-ch Amateurs 2022"]
[Site "Luhacovice"]
[Date "2022.03.19"]
[Round "9.11"]
[White "Nemec, Pavel"]
[Black "Plasek, Zdenek"]
[Result "1/2-1/2"]
[ECO "B80"]
[WhiteElo "2223"]
[BlackElo "1914"]
[Annotator "RC"]
[PlyCount "50"]
[EventDate "2022.03.12"]
[EventType "swiss"]
[EventCountry "CZE"]
[SourceTitle "playchess.com"]
[Source "ChessBase"]
[SourceQuality "1"]
[TimeControl "5400+30"]

1. e4 c5 2. Nf3 d6 3. d4 cxd4 4. Nxd4 Nf6 5. Nc3 a6 6. g3 e6 7. Bg2 Qc7 8. O-O Nc6 9. Re1 Be7 10. h3 O-O 11. Nde2 b5 12. a3 Bb7 13. g4 Rfe8 14. b3 Rac8 15. Bb2 b4 16. axb4 Nxb4 17. Nd4 d5 18. e5 Nd7 19. Qe2 Bc5 20. Rad1 Nc6 21. Nxc6 Qxc6 22. Na4 Bb4 23. c3 Ba5 24. Qe3 Nb6 25. Nxb6 Bxb6 1/2-1/2

[Event "CZE-ch Amateurs 2022"]
[Site "Luhacovice"]
[Date "2022.03.19"]
[Round "9.12"]
[White "Husek, Martin"]
[Black "Zaza, Martin"]
[Result "1-0"]
[ECO "B78"]
[WhiteElo "2167"]
[BlackElo "1822"]
[Annotator "ChessBase"]
[PlyCount "75"]
[EventDate "2022.03.12"]
[EventType "swiss"]
[EventCountry "CZE"]
[SourceTitle "playchess.com"]
[Source "ChessBase"]
[SourceQuality "1"]
[TimeControl "5400+30"]

1. e4 c5 2. Nf3 d6 3. d4 cxd4 4. Nxd4 Nf6 5. Nc3 g6 6. Be3 Bg7 7. f3 O-O 8. Qd2 Nc6 9. Bc4 Bd7 10. O-O-O Rc8 11. Bb3 Ne5 12. Kb1 Nc4 13. Bxc4 Rxc4 14. g4 Rc8 15. h4 h5 16. gxh5 Nxh5 17. Bh6 a6 18. Rdg1 b5 19. Bxg7 Kxg7 20. f4 e5 21. Nf5+ Bxf5 22. exf5 exf4 23. Nd5 Rc4 24. Qd3 Ng3 25. f6+ Kh6 26. b3 Nxh1 27. bxc4 Ng3 28. Qd2 Nh5 29. Nxf4 Nxf4 30. Qxf4+ Kh7 31. h5 bxc4 32. hxg6+ fxg6 33. Qh4+ Kg8 34. Rxg6+ Kf7 35. Rg7+ Ke6 36. Qe4+ Kxf6 37. Rg6+ Kf7 38. Qe6# 1-0

[Event "CZE-ch Amateurs 2022"]
[Site "Luhacovice"]
[Date "2022.03.19"]
[Round "9.13"]
[White "Zabystrzan, Pavel"]
[Black "Zemkova, Klara"]
[Result "1/2-1/2"]
[ECO "A88"]
[WhiteElo "2162"]
[BlackElo "1724"]
[Annotator "ChessBase"]
[PlyCount "74"]
[EventDate "2022.03.12"]
[EventType "swiss"]
[EventCountry "CZE"]
[SourceTitle "playchess.com"]
[Source "ChessBase"]
[SourceQuality "1"]
[TimeControl "5400+30"]

1. Nf3 f5 2. d4 Nf6 3. c4 d6 4. Nc3 g6 5. g3 Bg7 6. Bg2 O-O 7. O-O c6 8. b3 Qa5 9. Qc2 e5 10. dxe5 dxe5 11. e4 fxe4 12. Ng5 Bf5 13. Ngxe4 Nbd7 14. a3 Qc7 15. Bb2 Nc5 16. b4 Ne6 17. Nxf6+ Bxf6 18. Ne4 Nd4 19. Bxd4 exd4 20. Nxf6+ Rxf6 21. Qd2 Rd8 22. c5 d3 23. h3 Re6 24. Rfe1 Qe7 25. Rxe6 Qxe6 26. g4 Qf6 27. Re1 Be6 28. Re4 Bd5 29. Re3 Bxg2 30. Kxg2 Qd4 31. Re7 Rf8 32. Re3 Qd5+ 33. Kg1 Rf3 34. Rxf3 Qxf3 35. Qa2+ Kg7 36. Qe6 Qxh3 37. Qd7+ Kh8 1/2-1/2

[Event "CZE-ch Amateurs 2022"]
[Site "Luhacovice"]
[Date "2022.03.19"]
[Round "9.14"]
[White "Fishchuk, Vladyslav"]
[Black "Toman, Jan"]
[Result "0-1"]
[ECO "E73"]
[WhiteElo "1657"]
[BlackElo "2127"]
[Annotator "ChessBase"]
[PlyCount "232"]
[EventDate "2022.03.12"]
[EventType "swiss"]
[EventCountry "CZE"]
[SourceTitle "playchess.com"]
[Source "ChessBase"]
[SourceQuality "1"]
[TimeControl "5400+30"]

1. c4 Nf6 2. Nc3 g6 3. e4 d6 4. d4 Bg7 5. Be2 O-O 6. Be3 e5 7. d5 Nbd7 8. g4 Nc5 9. f3 a5 10. h4 h5 11. g5 Nfd7 12. Qd2 b6 13. Nh3 Ba6 14. O-O-O Qe7 15. Kb1 Bb7 16. Nf2 Rfd8 17. Rc1 Nb8 18. Bd3 Nba6 19. Bc2 Bc8 20. Nd3 Bd7 21. Nxc5 bxc5 22. Ba4 Nb8 23. Bxd7 Nxd7 24. Na4 Rdb8 25. Qc2 Rb7 26. Bd2 Nf8 27. Nc3 Nh7 28. Nb5 f6 29. gxf6 Bxf6 30. Rcg1 Nf8 31. Bg5 Bxg5 32. Rxg5 Kh7 33. Rhg1 Qf6 34. Qg2 Rd8 35. Nc3 Rd7 36. Nd1 Rf7 37. Rg3 Rb8 38. Nf2 Rb4 39. Nh3 Re7 40. Ng5+ Kh8 41. Ne6 Rxe6 42. dxe6 Qxe6 43. Qd2 Kh7 44. b3 Qxc4 45. Rc1 Qf7 46. Ka1 Qf4 47. Qxf4 exf4 48. Rg5 Nd7 49. Kb2 Rd4 50. Rd5 Rxd5 51. exd5 Nb6 52. Ka3 Kg7 53. Re1 Kf7 54. Rg1 Kf6 55. Rg5 Kf7 56. Kb2 Nd7 57. Rg1 Kf6 58. Ka3 Nb6 59. Rg5 Kg7 60. Kb2 c4 61. Kc3 cxb3 62. axb3 a4 63. bxa4 Nxa4+ 64. Kb4 Nc5 65. Kb5 Nd3 66. Kc6 Ne5+ 67. Rxe5 dxe5 68. Kxc7 e4 69. d6 e3 70. d7 e2 71. d8=Q e1=Q 72. Qd4+ Kg8 73. Qxf4 Qe6 74. Kd8 Kg7 75. Qg3 Kf7 76. Qc7+ Kf6 77. Qf4+ Qf5 78. Qd6+ Kg7 79. Qg3 Kf7 80. Qc7+ Ke6 81. Qc6+ Ke5 82. Qc7+ Kd4 83. Qb6+ Kd3 84. Qf2 Qf4 85. Kc8 Qc4+ 86. Kb7 Qb3+ 87. Ka6 Qc2 88. Qg3 Ke3 89. f4+ Kd4 90. Qg1+ Kd5 91. Qg5+ Qf5 92. Qd8+ Ke4 93. Qd6 Kf3 94. Kb6 Kg4 95. Qc6 Kxh4 96. Qf3 Qe6+ 97. Kc5 Qh3 98. Qf2+ Qg3 99. Qd4 Kg4 100. Qd1+ Kxf4 101. Qd6+ Kf3 102. Qd5+ Kg4 103. Qe4+ Kg5 104. Qe7+ Kf5 105. Qf7+ Ke4 106. Qd5+ Ke3 107. Qd4+ Ke2 108. Qc4+ Kf2 109. Qc2+ Kg1 110. Qd1+ Kg2 111. Qd5+ Kh2 112. Qd2+ Kh1 113. Qd5+ Qg2 114. Qe5 h4 115. Kc4 Qg4+ 116. Kd5 Qf5 0-1

[Event "CZE-ch Amateurs 2022"]
[Site "Luhacovice"]
[Date "2022.03.19"]
[Round "9.15"]
[White "Cupek, Martin"]
[Black "Lang Simon"]
[Result "0-1"]
[ECO "A36"]
[WhiteElo "2108"]
[BlackElo "1812"]
[Annotator "NA"]
[PlyCount "121"]
[EventDate "2022.03.12"]
[EventType "swiss"]
[EventCountry "CZE"]
[SourceTitle "playchess.com"]
[Source "ChessBase"]
[SourceQuality "1"]
[TimeControl "5400+30"]

1. c4 c5 2. Nc3 Nc6 3. g3 g6 4. Bg2 Bg7 5. e3 e5 6. Nge2 Nge7 7. O-O O-O 8. Nd5 d6 9. d3 f5 10. Bd2 Be6 11. Bc3 Rb8 12. Qa4 Qc8 13. Nxe7+ Nxe7 14. Qxa7 d5 15. Qa4 dxc4 16. dxc4 e4 17. Rfd1 Nc6 18. Bxg7 Kxg7 19. Nf4 Ne5 20. Nxe6+ Qxe6 21. Bf1 g5 22. Rd5 f4 23. Qc2 Nf3+ 24. Kh1 Rf6 25. Bg2 Rh6 $2 ({Better is} 25... fxe3 $14 26. fxe3 b6) 26. h4 fxg3 27. fxg3 gxh4 28. g4 Rf8 29. g5 Rg6 30. Rf1 Qg4 31. Bxf3 Qh3+ 32. Kg1 exf3 33. Rf2 Qg3+ 34. Kf1 h3 35. Qc3+ Kg8 36. Qe5 Qg2+ 37. Ke1 Qg1+ 38. Rf1 f2+ 39. Ke2 h2 40. Qe4 b6 41. Qh4 Rg7 42. a3 Qg2 43. Qh5 Qe4 44. b3 $11 Qc2+ 45. Rd2 Qe4 46. Rd3 $2 Qg2 47. Rd5 Qe4 $2 (47... Qg3 $19 48. b4 Re7) 48. Qxh2 Qc2+ 49. Rd2 Qxb3 50. Qh4 $19 (50. Rxf2 $17 Qxc4+ 51. Ke1) 50... Re7 51. Rd3 Qb2+ 52. Rd2 Qxa3 53. Rd3 Qb2+ 54. Rd2 Qe5 55. Rd3 Qb2+ 56. Rd2 Qe5 57. Rd3 Ref7 58. Rd5 Qe6 59. Rd2 Rf3 60. Rd3 Rh3 61. Rd6 0-1

[Event "CZE-ch Amateurs 2022"]
[Site "Luhacovice"]
[Date "2022.03.19"]
[Round "9.16"]
[White "Petras, Milan"]
[Black "Jares, Michal"]
[Result "0-1"]
[ECO "A03"]
[WhiteElo "1848"]
[BlackElo "2160"]
[Annotator "ChessBase"]
[PlyCount "122"]
[EventDate "2022.03.12"]
[EventType "swiss"]
[EventCountry "CZE"]
[SourceTitle "playchess.com"]
[Source "ChessBase"]
[SourceQuality "1"]
[TimeControl "5400+30"]

1. f4 d5 2. b3 Nf6 3. Bb2 g6 4. Nf3 Bg7 5. e3 O-O 6. d4 c5 7. Ne5 Bf5 8. Nd2 Nc6 9. Nxc6 bxc6 10. Be2 Qb6 11. O-O cxd4 12. exd4 c5 13. Nf3 Rac8 14. Ne5 Rfd8 15. Kh1 Be4 16. Bf3 e6 17. Rc1 Qa5 18. dxc5 Qxc5 19. Nd3 Qe3 20. Qe2 Qxe2 21. Bxe2 Rc6 22. Nb4 Rb6 23. a3 d4 24. Nd3 Nd5 25. Ne5 Ne3 26. Nc4 Bxg2+ 27. Kg1 Nxc4 28. Bxc4 Bxf1 29. Rxf1 d3 30. Bxg7 d2 31. Rd1 Kxg7 32. Kf2 a5 33. Ke3 Kf6 34. Bd3 e5 35. Rxd2 exf4+ 36. Kxf4 Rd4+ 37. Ke3 Rh4 38. Rf2+ Ke7 39. a4 f5 40. Bb5 Kf6 41. c4 Re6+ 42. Kd3 Rd6+ 43. Kc2 Ke5 44. b4 axb4 45. Kb3 Rd1 46. Kxb4 Kd6 47. Ra2 Rb1+ 48. Ka5 Kc5 49. Rd2 Rd4 50. Re2 f4 51. Re7 Rd8 52. Rc7+ Kd4 53. Rxh7 Ra8+ 54. Kb6 Rxa4 55. Kc6 Rxc4+ 56. Bxc4 Kxc4 57. Rg7 f3 58. Rf7 Rf1 59. h4 Kd3 60. Kd5 Ke2 61. Rg7 f2 0-1

[Event "CZE-ch Amateurs 2022"]
[Site "Luhacovice"]
[Date "2022.03.19"]
[Round "9.17"]
[White "Kupsa, Matej"]
[Black "Stary, Lukas"]
[Result "1/2-1/2"]
[ECO "D02"]
[WhiteElo "2097"]
[BlackElo "1856"]
[Annotator "NA"]
[PlyCount "44"]
[EventDate "2022.03.12"]
[EventType "swiss"]
[EventCountry "CZE"]
[SourceTitle "playchess.com"]
[Source "ChessBase"]
[SourceQuality "1"]
[TimeControl "5400+30"]

1. d4 d5 2. Nf3 e6 3. g3 c5 4. e3 Nf6 5. Bg2 Nc6 6. O-O b6 7. c4 cxd4 8. Nxd4 Nxd4 9. exd4 Bb7 10. Nc3 Be7 11. Bf4 O-O 12. Re1 Qd7 13. Qf3 Rac8 14. Rac1 Ba8 15. cxd5 Nxd5 16. Nxd5 Bxd5 17. Qe3 $19 (17. Qd3 $15) 17... Bxg2 18. Kxg2 Qd5+ 19. Qe4 Qxe4+ 20. Rxe4 Rxc1 21. Bxc1 Bf6 22. Bd2 Rd8 1/2-1/2

[Event "CZE-ch Amateurs 2022"]
[Site "Luhacovice"]
[Date "2022.03.19"]
[Round "9.18"]
[White "Volny, Patrik"]
[Black "Galicek, Stanislav"]
[Result "0-1"]
[ECO "A49"]
[WhiteElo "1798"]
[BlackElo "2079"]
[Annotator "ChessBase"]
[PlyCount "62"]
[EventDate "2022.03.12"]
[EventType "swiss"]
[EventCountry "CZE"]
[SourceTitle "playchess.com"]
[Source "ChessBase"]
[SourceQuality "1"]
[TimeControl "5400+30"]

1. d4 Nf6 2. Nf3 g6 3. g3 Bg7 4. Bg2 O-O 5. O-O d6 6. b3 c5 7. c3 Nc6 8. Bb2 cxd4 9. cxd4 d5 10. a3 Ne4 11. Ne5 Nxe5 12. dxe5 Bf5 13. Nd2 Qa5 14. Nxe4 dxe4 15. Qd4 Rfd8 16. Qc3 Qd5 17. f4 Rac8 18. Qe3 Qd2 19. Qxd2 Rxd2 20. Bc1 Rxe2 21. Rf2 Rxf2 22. Kxf2 Rc2+ 23. Kg1 b6 24. h3 h5 25. g4 hxg4 26. hxg4 Bxg4 27. Bxe4 Rc3 28. Bd5 e6 29. Bc4 Bf8 30. Bb2 Bc5+ 31. Kh1 Rc2 0-1

[Event "CZE-ch Amateurs 2022"]
[Site "Luhacovice"]
[Date "2022.03.19"]
[Round "9.19"]
[White "Dudek Vojtech"]
[Black "Strapec, Lukas"]
[Result "1-0"]
[ECO "B40"]
[WhiteElo "2045"]
[BlackElo "1835"]
[Annotator "ChessBase"]
[PlyCount "73"]
[EventDate "2022.03.12"]
[EventType "swiss"]
[EventCountry "CZE"]
[SourceTitle "playchess.com"]
[Source "ChessBase"]
[SourceQuality "1"]
[TimeControl "5400+30"]

1. e4 c5 2. Nf3 e6 3. b3 Nc6 4. Bb2 Nf6 5. e5 Nd5 6. c4 Nc7 7. d4 cxd4 8. Bd3 d5 9. O-O Bc5 10. Na3 h6 11. Rc1 b6 12. h3 O-O 13. Nc2 Bb7 14. Ncxd4 dxc4 15. bxc4 Bxd4 16. Nxd4 Nxe5 17. Nxe6 Nf3+ 18. Qxf3 Bxf3 19. Nxd8 Raxd8 20. Bf5 Bc6 21. c5 b5 22. Rfd1 Nd5 23. Be4 f5 24. Bf3 Rfe8 25. Rd4 Ne7 26. Rxd8 Rxd8 27. Re1 Nd5 28. Re6 Ba8 29. Rg6 Nf4 30. Rxg7+ Kf8 31. c6 Rc8 32. Rh7 Ng6 33. Bd5 Bxc6 34. Ba3+ Ne7 35. Rxe7 b4 36. Bxb4 a5 37. Rc7+ 1-0

[Event "CZE-ch Amateurs 2022"]
[Site "Luhacovice"]
[Date "2022.03.19"]
[Round "9.20"]
[White "Svobodova, Michaela"]
[Black "Dvorak, Milan"]
[Result "1-0"]
[ECO "B08"]
[WhiteElo "2054"]
[BlackElo "1838"]
[Annotator "ChessBase"]
[PlyCount "97"]
[EventDate "2022.03.12"]
[EventType "swiss"]
[EventCountry "CZE"]
[SourceTitle "playchess.com"]
[Source "ChessBase"]
[SourceQuality "1"]
[TimeControl "5400+30"]

1. e4 d6 2. d4 Nf6 3. Nc3 g6 4. Nf3 Bg7 5. Be3 O-O 6. Qd2 Bg4 7. h3 Bxf3 8. gxf3 e5 9. O-O-O Nbd7 10. h4 Nh5 11. dxe5 Nxe5 12. Be2 Nf6 13. Bh6 Qd7 14. Rdg1 Qe6 15. h5 Bh8 16. Qg5 Ned7 17. hxg6 fxg6 18. Bxf8 Rxf8 19. Bd3 Ne5 20. Qg3 Nxd3+ 21. cxd3 Kf7 22. f4 Ke8 23. Qg5 Kd7 24. Qb5+ Kc8 25. Kb1 a6 26. Qa5 c6 27. Rc1 Qf7 28. f5 gxf5 29. Qxf5+ Kb8 30. f4 Qg6 31. Qa5 Qg3 32. e5 Qxd3+ 33. Ka1 dxe5 34. fxe5 Nd5 35. Rcd1 Qc2 36. Nxd5 cxd5 37. Qxd5 Rc8 38. Qd6+ Ka8 39. Rhe1 h5 40. a3 Rb8 41. Rc1 Qf2 42. Red1 h4 43. Rc7 Qe2 44. Re7 h3 45. Qd2 Qf3 46. Qd3 Qg2 47. Re6 h2 48. Rxa6+ bxa6 49. Qxa6# 1-0